 Dungeon Crawl Stone Soup version 0.28-a0-657-g71136c5590 (webtiles) character file.

Game seed: 297376732300721851

320486 Johnny the Slayer (level 20, -18/198 HPs)
             Began as a Yellow Draconian Ice Elementalist on Oct 13, 2021.
             Was an Elder of Sif Muna.
             Demolished by a white very ugly thing (51 damage)
             ... on level 3 of the Vaults.
             The game lasted 01:05:10 (50226 turns).

Johnny the Slayer (DrIE)                           Turns: 50226, Time: 01:05:11

Health: -18/198    AC: 12    Str: 17    XL:     20   Next: 62%
Magic:  11/43      EV: 12    Int: 48    God:    Sif Muna [****..]
Gold:   2328       SH:  7    Dex: 13    Spells: 23/57 levels left

rFire   . . .      SeeInvis .   u - +8 whip "Amyffod" {vorpal, rPois rN+ Dex+4}
rCold   . . .      Faith    .   Z - +0 buckler "Hero's Friend" {Regen+ Int+8}
rNeg    + . .      Spirit   .   (armour unavailable)
rPois   +          Reflect  .   v - +0 hat
rElec   .          Harm     .   r - +2 cloak {rPois}
rCorr   +          Rampage  .   P - +0 pair of gloves {archery}
Will    +....                   T - +1 pair of boots
Stlth   ++........              A - amulet "Gepoanwu" {RegenMP Str+5 Int+5 Dex-3}
HPRegen 1.43/turn               y - +6 ring of intelligence
MPRegen 0.53/turn               M - +6 ring of intelligence

@: marked, unable to drink, corroded, channelling
A: no potions, spit acid, AC +10, unfitting armour, acidic bite, cold-blooded,
acid resistance
}: 2/15 runes: barnacled, gossamer
a: Breathe Acid, Renounce Religion, Channel Magic, Forget Spell, Divine Exegesis


You were on level 3 of the Vaults.
You worshipped Sif Muna.
Sif Muna was greatly pleased with you.
You visited 8 branches of the dungeon, and saw 39 of its levels.
You visited the Abyss 1 time.
You also visited: Ossuary and Ice Cave.

You collected 4392 gold pieces.
You spent 2064 gold pieces at shops.

Inventory:

Hand Weapons
 u - the +8 whip "Amyffod" (weapon) {vorpal, rPois rN+ Dex+4}
   (You found it on level 2 of the Spider Nest)

   It inflicts extra damage upon your enemies.
   Dex:       It affects your dexterity (+4).
   rPois:     It protects you from poison.
   rN:        It protects you from negative energy.
Missiles
 J - 18 throwing nets
Armour
 r - a +2 cloak of poison resistance (worn)
 v - a +0 hat (worn)
 P - a +0 pair of gloves of archery (worn)
 T - a +1 pair of boots (worn)
 Z - the +0 buckler "Hero's Friend" (worn) {Regen+ Int+8}
   (You found it on level 3 of the Lair of Beasts)

   Int:       It affects your intelligence (+8).
   Regen:     It increases your rate of health regeneration.
Jewellery
 k - a ring of see invisible
 q - an amulet of regeneration
 y - a +6 ring of intelligence (left hand)
 A - the amulet "Gepoanwu" (around neck) {RegenMP Str+5 Int+5 Dex-3}
   (You found it on level 4 of the Spider Nest)

   [amulet of magic regeneration]

   It increases your rate of magic regeneration.
   Str:       It affects your strength (+5).
   Int:       It affects your intelligence (+5).
   Dex:       It affects your dexterity (-3).
 L - the ring "Owiop" {rElec Str+6}
   (You acquired it on level 11 of the Dungeon)

   [ring of strength]

   Str:       It affects your strength (+6).
   rElec:     It insulates you from electricity.
 M - a +6 ring of intelligence (right hand)
Wands
 p - a wand of iceblast (14)
 E - a wand of charming (11)
 R - a wand of digging (16)
 V - a wand of acid (33)
Scrolls
 c - 9 scrolls of magic mapping
 e - 15 scrolls of identify
 h - 4 scrolls of torment
 i - 5 scrolls of fear
 j - 9 scrolls of fog
 l - 11 scrolls of immolation
 n - 11 scrolls of enchant armour
 o - a scroll of acquirement
 s - 8 scrolls of noise
 t - 13 scrolls of teleportation
 x - 2 scrolls of summoning
 I - 7 scrolls of holy word
 S - 6 scrolls of blinking
Potions
 b - 19 potions of curing
 f - 9 potions of heal wounds
 g - 13 potions of lignification
 m - 2 potions of cancellation
 w - 5 potions of attraction
 z - 5 potions of mutation
 C - 2 potions of invisibility
 G - 6 potions of ambrosia
 H - 3 potions of haste
 K - 4 potions of flight
 N - 4 potions of resistance
 Q - a potion of magic
 X - 2 potions of might
 Y - 4 potions of brilliance
Miscellaneous
 a - a condenser vane
 d - a phial of floods
 B - a phantom mirror
 D - a box of beasts
 O - a lightning rod (4/4)


   Skills:
 + Level 21.1 Fighting
 - Level 1.7 Dodging
 - Level 1.7 Stealth
 - Level 14.5 Shields
 * Level 19.2 Spellcasting
 + Level 19.9 Ice Magic
 - Level 10.8 Invocations


You had 23 spell levels left.
You knew the following spells:

 Your Spells              Type           Power      Damage    Failure   Level
a - Freeze                Ice            100%       1d11      0%          1
b - Frozen Ramparts       Ice            100%       1d12      0%          3
c - Ozocubu's Armour      Ice            100%       N/A       0%          3
d - Freezing Cloud        Conj/Ice/Air   41%        6-21      1%          5
e - Ozocubu's Refrigerat  Ice            63%        4d17      1%          7
f - Hailstorm             Conj/Ice       97%        3d19      1%          4
g - Polar Vortex          Ice            63%        N/A       11%         9
h - Blink                 Tloc           N/A        N/A       1%          2

Your spell library contained the following spells:

 Spells                   Type           Power      Damage    Failure   Level
 Ensorcelled Hibernation  Hex/Ice        100%       N/A       0%          2
 Animate Skeleton         Necr           92%        N/A       1%          1
 Beastly Appendage        Tmut           92%        N/A       1%          1
 Foxfire                  Conj/Fire      100%       2x1d9     1%          1
 Magic Dart               Conj           100%       1d8       1%          1
 Pain                     Necr           100%       1d9       1%          1
 Shock                    Conj/Air       100%       1d9       1%          1
 Sting                    Tmut/Pois      100%       1d8       1%          1
 Summon Small Mammal      Summ           100%       N/A       1%          1
 Call Imp                 Summ           46%        N/A       1%          2
 Corpse Rot               Necr/Air       N/A        N/A       1%          2
 Passwall                 Tmut/Erth      38%        N/A       1%          2
 Poisonous Vapours        Pois/Air       92%        N/A       1%          2
 Searing Ray              Conj           92%        2d7       1%          2
 Slow                     Hex            46%        N/A       1%          2
 Static Discharge         Conj/Air       46%        N/A       1%          2
 Sublimation of Blood     Necr           23%        N/A       1%          2
 Wereblood                Tmut           46%        N/A       1%          2
 Call Canine Familiar     Summ           46%        N/A       1%          3
 Confusing Touch          Hex            46%        N/A       1%          3
 Conjure Flame            Conj/Fire      46%        6-21      1%          3
 Dazzling Flash           Conj/Hex       92%        N/A       1%          3
 Gell's Gravitas          Tloc           23%        N/A       1%          3
 Ignite Poison            Fire/Tmut/Pois 46%        N/A       1%          3
 Inner Flame              Hex/Fire       46%        N/A       1%          3
 Lesser Beckoning         Tloc           46%        N/A       1%          3
 Mephitic Cloud           Conj/Pois/Air  46%        N/A       1%          3
 Portal Projectile        Hex/Tloc       92%        N/A       1%          3
 Spider Form              Tmut/Pois      23%        N/A       1%          3
 Stone Arrow              Conj/Erth      92%        3d12      1%          3
 Summon Guardian Golem    Hex/Summ       46%        N/A       1%          3
 Swiftness                Air            46%        N/A       1%          3
 Teleport Other           Tloc           46%        N/A       1%          3
 Tukima's Dance           Hex            46%        N/A       1%          3
 Vampiric Draining        Necr           23%        2d9       1%          3
 Ice Form                 Ice/Tmut       97%        N/A       1%          4
 Summon Ice Beast         Ice/Summ       97%        N/A       1%          4
 Metabolic Englaciation   Hex/Ice        48%        N/A       1%          5
 Simulacrum               Ice/Necr       48%        N/A       1%          6
 Airstrike                Air            23%        N/A       4%          4
 Animate Dead             Necr           23%        N/A       4%          4
 Dispel Undead            Necr           46%        3d18      4%          4
 Flame Wave               Conj/Fire      46%        3d9       4%          4
 Fulminant Prism          Conj/Hex       23%        3d13      4%          4
 Iskenderun's Mystic Bla  Conj/Tloc      46%        2d10      4%          4
 Leda's Liquefaction      Hex/Erth       23%        N/A       4%          4
 Olgreb's Toxic Radiance  Pois           46%        N/A       4%          4
 Petrify                  Tmut/Erth      46%        N/A       4%          4
 Sticky Flame             Conj/Fire      46%        2d6       4%          4
 Summon Lightning Spire   Summ/Air       46%        N/A       4%          4
 Agony                    Necr           46%        N/A       11%         5
 Alistair's Intoxication  Tmut/Pois      30%        N/A       11%         5
 Blade Hands              Tmut           23%        N/A       11%         5
 Borgnjor's Vile Clutch   Necr/Erth      23%        N/A       11%         5
 Excruciating Wounds      Necr           23%        N/A       11%         5
 Fireball                 Conj/Fire      23%        3d11      11%         5
 Irradiate                Conj/Tmut      23%        3d21      11%         5
 Iskenderun's Battlesphe  Conj           46%        2d10      11%         5
 Lee's Rapid Deconstruct  Erth           23%        3d14*     11%         5
 Lightning Bolt           Conj/Air       23%        1d38      11%         5
 Manifold Assault         Tloc           46%        N/A       11%         5
 Silence                  Hex/Air        23%        N/A       11%         5
 Summon Forest            Summ/Tloc      23%        N/A       11%         5
 Summon Mana Viper        Hex/Summ       46%        N/A       11%         5
 Yara's Violent Unravell  Hex/Tmut       23%        3d10      11%         5
 Conjure Ball Lightning   Conj/Air       23%        3x3d6     52%         6
 Dispersal                Tloc           23%        N/A       52%         6
 Eringya's Noxious Bog    Tmut/Pois      23%        N/A       52%         6
 Invisibility             Hex            23%        N/A       52%         6
 Iron Shot                Conj/Erth      23%        9d5       52%         6
 Starburst                Conj/Fire      23%        6d8       52%         6
 Statue Form              Tmut/Erth      30%        N/A       52%         6
 Dragon Form              Tmut           23%        N/A       98%         7
 Haunt                    Necr/Summ      23%        N/A       98%         7
 Malign Gateway           Summ/Tloc      23%        N/A       98%         7
 Orb of Destruction       Conj           23%        9d10      98%         7
 Spellforged Servitor     Conj/Summ      23%        N/A       98%         7
 Storm Form               Tmut/Air       23%        N/A       98%         7
 Borgnjor's Revivificati  Necr           23%        N/A       100%        8
 Discord                  Hex            23%        N/A       100%        8
 Disjunction              Tloc           23%        N/A       100%        8
 Ignition                 Fire           23%        3d8       100%        8
 Infestation              Necr           23%        N/A       100%        8
 Lehudib's Crystal Spear  Conj/Erth      23%        10d6      100%        8
 Maxwell's Capacitive Co  Air            23%        ∞         100%        8
 Necromutation            Tmut/Necr      23%        N/A       100%        8
 Summon Horrible Things   Summ           23%        N/A       100%        8
 Chain Lightning          Conj/Air       23%        3d30      100%        9
 Fire Storm               Conj/Fire      23%        8d6       100%        9
 Animate Armour           Summ/Erth      Unusable   N/A       N/A         4

Dungeon Overview and Level Annotations

Branches:
Dungeon (15/15)            Temple (0/1) D:6            Lair (6/6) D:8
 Shoals (4/4) Lair:2       Spider (4/4) Lair:3        Slime (2/5) Lair:5
    Orc (2/2) D:10            Elf (3/3) Orc:2        Vaults (3/5) D:14
 Depths (0/4) D:15        Ossuary (visited)           IceCv (visited)
  Crypt: Vaults:2-3

Altars:
Fedhas
Kikubaaqudgha
Makhleb
Okawaru
Qazlal
Sif Muna
Trog
Vehumet
Wu Jian
Beogh
Jiyva

Shops:
D:4 *   D:6 [   D:7 !   D:8 *   D:11 ?   Orc:2 =:[[!   Shoals:3 (

Annotations:
D:7 2 transporters, gonz's ghost, novice DECj
Spider:1 Roxanne
Elf:2 3 runed translucent doors


Innate Abilities, Weirdness & Mutations

You cannot drink.
You can spit globs of acid.
Your golden yellow scales are hard. (AC +10)
You cannot fit into any form of body armour.
You have acidic saliva.
You are cold-blooded and may be slowed by cold attacks.
You are resistant to acid. (rCorr)


Message History

You kill the vault sentinel!
Sif Muna accepts your kill.
You kill the ironbound convoker!
Sif Muna accepts your kill.
The ironbound thunderhulk is severely wounded.
You kill the yaktaur!
Sif Muna accepts your kill.
The entropy weaver is severely wounded.
You kill the deep troll!
Sif Muna accepts your kill.
The white very ugly thing resists.
The white very ugly thing is severely wounded.
The entropy weaver gestures at you while chanting.
The white very ugly thing bites you. The white very ugly thing freezes you!!
Casting: Ozocubu's Refrigeration (mildly dangerous; 1% risk of failure)
Confirm with . or Enter, or press ? or * to list all spells.
The heat is drained from your surroundings.
You feel very cold. The monsters around you are frozen!
The ironbound thunderhulk is almost dead.
You kill the entropy weaver!
Sif Muna accepts your kill.
The white very ugly thing resists.
The white very ugly thing is almost dead.
Electricity crackles from the ironbound thunderhulk's apparatus.
The bolt of lightning hits you!!! The white very ugly thing bites you!
The white very ugly thing freezes you!!
* * * LOW HITPOINT WARNING * * *
Casting: Ozocubu's Refrigeration (mildly dangerous; 1% risk of failure)
Confirm with . or Enter, or press ? or * to list all spells.
The heat is drained from your surroundings.
You feel very cold.
The ironbound thunderhulk and the white very ugly thing are frozen.
You kill the ironbound thunderhulk!
Sif Muna accepts your kill.
The white very ugly thing resists.
The white very ugly thing is almost dead.
The white very ugly thing bites you!
* * * LOW HITPOINT WARNING * * *
The white very ugly thing freezes you!!!
You die...

#.... #.... #....#
####....###########
..............†..)..
.....$........).....
.....[....†.)..)....
.........@u.)..†....
........)...........
.................$.
####....#####+#####
#....# #....# #....#
##### #....# ##...##
#....#


You could see a white very ugly thing.

Vanquished Creatures
  A tentacled monstrosity (Vaults:1)
  Rupert (D:13)
  A deep elf blademaster (Elf:3)
  A deep elf master archer (Elf:3)
  3 acid blobs (Slime:1)
  2 sphinxes (Shoals:4)
  4 krakens (Shoals:3)
  Gastronok (D:12)
  Ilsuiw (Shoals:3)
  7 deep elf sorcerers (Elf:3)
  2 ghost moths (Spider:4)
  Aizul (Lair:3)
  Louise (Elf:1)
  5 emperor scorpions
  3 vault wardens (Vaults:2)
  2 deep elf elementalists (Elf:3)
  9 ironbound preservers
  A stone giant (D:15)
  A war gargoyle (D:14)
  A very ugly thing (Vaults:3)
  Nessos (D:13)
  3 deep elf demonologists (Elf:3)
  10 dire elephants
  Azrael (D:12)
  6 entropy weavers
  2 minotaurs (Shoals:4)
  11 deep elf annihilators
  A white draconian (IceCv)
  3 spark wasps
  3 merfolk javelineers
  Snorg (D:13)
  10 merfolk impalers
  3 crystal guardians
  3 deep elf death magi (Elf:3)
  7 deep elf high priests
  Josephine (D:12)
  6 yaktaur captains
  3 ironbound thunderhulks
  Harold (D:8)
  A great orb of eyes (Vaults:2)
  8 vault guards
  Erolcha (Orc:2)
  3 peacekeepers
  4 boulder beetles
  4 ogre magi
  A catoblepas (D:15)
  7 ironbound frosthearts
  10 centaur warriors
  16 hydras
  6 merfolk avatars
  10 satyrs
  8 two-headed ogres
  2 alligator snapping turtles
  15 death yaks
  3 merfolk aquamancers (Shoals:3)
  14 dancing weapons
  A death knight (D:14)
  3 tengu warriors (D:15)
  Urug (Lair:4)
  Nergalle (Orc:2)
  A skeletal warrior (D:14)
  10 deep elf knights
  10 sea snakes
  A glowing orange brain (Vaults:1)
  32 deep trolls
  A swamp dragon (Lair:2)
  8 deep elf archers
  A phantasmal warrior (D:14)
  28 harpies
  10 ironbound convokers
  4 wizards
  13 orb spiders
  15 deep elf zephyrmancers
  4 lindwurms
  7 ugly things
  22 deep elf pyromancers
  31 wolf spiders
  2 orc knights
  21 manticores
  2 necromancers
  9 orc sorcerers
  8 cyclopes
  26 fauns
  A shining eye (Slime:1)
  11 merfolk sirens
  2 moths of wrath
  Maurice (D:13)
  Joseph (D:7)
  10 elephants
  7 vault sentinels
  2 water nymphs (Shoals:3)
  6 black mambas
  12 cane toads
  2 torpor snails
  Maggie (D:10)
  9 rime drakes
  11 komodo dragons
  2 freezing wraiths (D:14)
  A kobold demonologist (D:13)
  2 efreet
  19 yaktaurs
  2 tengu conjurers
  10 demonic crawlers
  An ancient zyme (Abyss:1)
  A harpy zombie (Abyss:1)
  2 ice devils (D:11)
  30 jumping spiders
  9 trolls
  A jumping spider (shapeshifter) (Elf:2)
  35 merfolk
  5 wind drakes
  7 polar bears
  A meliai (shapeshifter) (D:13)
  14 hornets
  9 blink frogs
  6 slime creatures
  Prince Ribbit (D:8)
  8 dream sheep
  6 snapping turtles
  A shadow (D:11)
  3 air elementals
  23 yaks
  70 redbacks
  30 tarantellas
  9 wraiths
  11 water elementals
  5 wyverns
  A vampire (D:11)
  7 basilisks
  5 fire elementals
  3 hogs (D:8)
  19 humans
  2 humans (shapeshifter)
  12 vampire mosquitoes
  2 steam dragons
  2 wargs
  An acid dragon (D:8)
  15 water moccasins
  2 hell hounds (D:12)
  21 orc warriors
  3 ice beasts
  Duvessa (D:7)
  A swamp drake (Lair:2)
  2 black bears (D:8)
  A meliai simulacrum (D:15)
  A sky beast (D:8)
  10 ogres
  12 centaurs
  4 boggarts (D:15)
  A phantom (D:6)
  8 wolves
  5 kobold brigands
  16 bullfrogs
  A small abomination (Orc:2)
  A scorpion (shapeshifter) (D:13)
  7 gnoll sergeants
  3 earth elementals
  Dowan (D:7)
  4 scorpions
  2 water moccasin skeletons
  A lindwurm simulacrum (IceCv)
  5 electric eels
  15 wights
  4 howler monkeys
  5 komodo dragon simulacra (IceCv)
  3 centaur zombies
  A hound (D:6)
  A human zombie (Ossuary)
  13 orc priests
  A centaur skeleton (D:6)
  A jelly (D:3)
  Jessica (D:3)
  3 iguanas (D:6)
  30 orc wizards
  2 scorpion zombies (D:5)
  6 mummies (Ossuary)
  13 gnolls
  2 acid dragon simulacra (IceCv)
  A howler monkey skeleton (D:7)
  7 adders
  2 shadow imps
  5 white imps
  An ufetubus (Abyss:1)
  7 steam dragon simulacra (IceCv)
  A worm (D:4)
  2 dart slugs
  71 orcs
  8 endoplasms
  2 giant cockroaches
  9 goblins
  3 hobgoblins
  2 jackals (D:3)
  5 quokkas
  6 ball pythons
  4 bats
  A frilled lizard (D:1)
  A goblin zombie (Ossuary)
  2 hobgoblin zombies (Ossuary)
  14 kobolds
  A kobold zombie (Ossuary)
  2 orc zombies (Ossuary)
  2 rats
  3 tentacles (Shoals:3)
1354 creatures vanquished.

Vanquished Creatures (others)
  2 crimson imps (Abyss:1)
  An orc wizard (D:12)
  70 fungi
  173 plants
  13 tentacles (Shoals:3)
259 creatures vanquished.

Grand Total: 1613 creatures vanquished

Notes
Turn   | Place    | Note
-------+----------+-------------------------------------------
     0 | D:1      | Johnny the Draconian Ice Elementalist began the quest for
                  | the Orb.
     0 | D:1      | Reached XP level 1. HP: 14/14 MP: 3/3
   368 | D:1      | Reached XP level 2. HP: 19/22 MP: 5/5
   453 | D:1      | Reached skill level 1 in Fighting
  1299 | D:2      | Reached XP level 3. HP: 28/28 MP: 2/6
  1303 | D:2      | Learned a level 3 spell: Frozen Ramparts
  1307 | D:2      | Learned a level 3 spell: Ozocubu's Armour
  1417 | D:2      | Found a faded altar of an unknown god.
  1658 | D:3      | Reached skill level 2 in Fighting
  1658 | D:3      | Reached XP level 4. HP: 31/36 MP: 2/8
  1836 | D:3      | Reached XP level 5. HP: 44/44 MP: 9/9
  1948 | D:3      | Reached skill level 5 in Ice Magic
  2242 | D:3      | Reached skill level 3 in Fighting
  2541 | D:3      | Noticed Jessica
  2557 | D:3      | Killed Jessica
  2724 | D:3      | Found a shimmering blue altar of Sif Muna.
  2845 | D:3      | Became a worshipper of Sif Muna the Loreminder
  3134 | D:4      | Reached skill level 1 in Shields
  3227 | D:4      | Found Yraol's Assorted Antiques.
  3236 | D:4      | Bought a glowing cloak for 165 gold pieces
  3594 | D:5      | Entered Level 5 of the Dungeon
  3602 | D:5      | Reached XP level 6. HP: 51/51 MP: 11/11
  4269 | D:5      | Reached skill level 4 in Fighting
  4427 | D:5      | Noticed an ice beast
  4440 | D:5      | Killed an ice beast
  4441 | D:5      | Your scales start taking on a golden yellow colour.
  4441 | D:5      | Reached XP level 7. HP: 59/59 MP: 10/13
  4441 | D:5      | Gained mutation: You are resistant to acid. (rCorr) [Yellow
                  | Draconian growth]
  4629 | D:5      | Found a blossoming altar of Fedhas.
  4778 | D:6      | Found a sand-covered staircase.
  4785 | Ossuary  | Entered an ossuary
  4874 | Ossuary  | Reached * piety under Sif Muna
  5155 | D:6      | Found Yjoig's Armour Boutique.
  5158 | D:6      | Bought a +0 buckler of protection for 149 gold pieces
  5197 | D:6      | Found a staircase to the Ecumenical Temple.
  5334 | D:6      | Reached skill level 5 in Fighting
  5334 | D:6      | Reached XP level 8. HP: 68/68 MP: 15/15
  5399 | D:6      | Reached skill level 5 in Spellcasting
  6055 | D:7      | Learned a level 4 spell: Hailstorm
  6126 | D:7      | Noticed Joseph
  6134 | D:7      | Killed Joseph
  6135 | D:7      | Reached skill level 6 in Fighting
  6251 | D:7      | Noticed a moth of wrath
  6252 | D:7      | Noticed a two-headed ogre
  6256 | D:7      | Found a transporter.
  6266 | D:7      | Found a transporter.
  6270 | D:7      | Noticed gonz's ghost (novice DECj)
  6271 | D:7      | Found a bloodstained altar of Trog.
  6297 | D:7      | Noticed Duvessa
  6297 | D:7      | Noticed Dowan
  6313 | D:7      | Killed Duvessa
  6317 | D:7      | Killed Dowan
  6486 | D:7      | Found an ornate altar of the Wu Jian Council.
  6532 | D:7      | Found an iron altar of Okawaru.
  6710 | D:7      | Found Risme's Distillery.
  6726 | D:7      | Reached ** piety under Sif Muna
  6736 | D:7      | Reached skill level 5 in Shields
  6736 | D:7      | Reached XP level 9. HP: 77/78 MP: 2/17
  6849 | D:7      | Bought a potion of ambrosia for 96 gold pieces
  7339 | D:8      | Noticed a troll
  7347 | D:8      | Killed a troll
  7351 | D:8      | Reached skill level 7 in Fighting
  7468 | D:8      | Found a burning altar of Makhleb.
  7484 | D:8      | Noticed Prince Ribbit
  7494 | D:8      | Killed Prince Ribbit
  7589 | D:8      | Found a staircase to the Lair.
  7736 | D:8      | Found a stormy altar of Qazlal.
  7744 | D:8      | Reached XP level 10. HP: 75/88 MP: 17/20
  7840 | D:8      | Reached skill level 8 in Fighting
  8388 | D:8      | Found Domolieg's Lightly-Used Armoury.
  8400 | D:8      | Noticed Harold
  8422 | D:8      | Killed Harold
  8586 | D:8      | Reached *** piety under Sif Muna
  9234 | D:9      | Noticed a two-headed ogre
  9249 | D:9      | Killed a two-headed ogre
  9250 | D:9      | Reached skill level 9 in Fighting
 10115 | D:10     | Entered Level 10 of the Dungeon
 10115 | D:10     | Noticed Maggie
 10126 | D:10     | Killed Maggie
 10127 | D:10     | Reached XP level 11. HP: 94/96 MP: 15/23
 10267 | D:10     | Noticed a two-headed ogre
 10275 | D:10     | Killed a two-headed ogre
 10522 | D:10     | Noticed a five-headed hydra
 10540 | D:10     | Killed a seven-headed hydra
 10714 | D:10     | Noticed a two-headed ogre
 10722 | D:10     | Killed a two-headed ogre
 10723 | D:10     | Reached skill level 10 in Ice Magic
 10922 | D:10     | Reached **** piety under Sif Muna
 10940 | D:10     | Reached skill level 10 in Fighting
 11170 | D:10     | Noticed a deep elf pyromancer
 11181 | D:10     | Killed a deep elf pyromancer
 11369 | D:10     | Found a staircase to the Orcish Mines.
 11716 | D:11     | Found a frozen archway.
 11780 | IceCv    | Entered an ice cave
 12460 | IceCv    | Noticed a white draconian
 12536 | IceCv    | Killed a white draconian
 13406 | D:11     | Reached XP level 12. HP: 108/108 MP: 9/25
 13408 | D:11     | Noticed a two-headed ogre
 13415 | D:11     | Killed a two-headed ogre
 13587 | D:11     | Reached skill level 11 in Fighting
 13951 | D:11     | Found a blossoming altar of Fedhas.
 14107 | D:11     | Found Ilory's Magic Scroll Shoppe.
 14115 | D:11     | Bought a scroll of teleportation for 48 gold pieces
 14115 | D:11     | Bought a scroll of magic mapping for 56 gold pieces
 14115 | D:11     | Bought a scroll of identify for 32 gold pieces
 14115 | D:11     | Bought a scroll of holy word for 120 gold pieces
 14115 | D:11     | Bought a scroll of holy word for 120 gold pieces
 14115 | D:11     | Bought a scroll of fog for 32 gold pieces
 14115 | D:11     | Identified a scroll of acquirement
 14118 | D:11     | Acquired the ring "Owiop" {rElec Str+6}
 15100 | D:12     | Noticed Azrael
 15114 | D:12     | Killed Azrael
 15119 | D:12     | Reached skill level 10 in Shields
 15527 | D:12     | Noticed Gastronok
 15572 | D:12     | Killed Gastronok
 15573 | D:12     | Reached skill level 10 in Spellcasting
 15750 | D:12     | Noticed Josephine
 15767 | D:12     | Killed Josephine
 16730 | Lair:1   | Entered Level 1 of the Lair of Beasts
 16762 | Lair:1   | Noticed a seven-headed hydra
 16777 | Lair:1   | Reached ***** piety under Sif Muna
 16778 | Lair:1   | Killed a seven-headed hydra
 16779 | Lair:1   | Reached skill level 12 in Fighting
 17048 | Lair:1   | Noticed an eight-headed hydra
 17059 | Lair:1   | Killed an eight-headed hydra
 17823 | Lair:2   | Reached XP level 13. HP: 93/118 MP: 1/27
 18005 | Lair:2   | Received a gift from Sif Muna
 18128 | Lair:2   | Got Sif Muna's Catalogue of the Arsonist and Cold {god
                  | gift}
 19281 | Lair:2   | Found a staircase to the Shoals.
 19753 | Lair:3   | Found a hole to the Spider Nest.
 20060 | Lair:3   | Reached skill level 13 in Fighting
 20503 | Lair:3   | Identified the +0 buckler "Hero's Friend" {Regen+ Int+8}
 21320 | Lair:4   | You fall into a shaft and drop 2 floors!
 21320 | Lair:6   | Entered Level 6 of the Lair of Beasts
 21401 | Lair:5   | Received a gift from Sif Muna
 21402 | Lair:5   | Got Sif Muna's Guide on Transmigration and Necromancy {god
                  | gift}
 21855 | Lair:4   | Gained mutation: You have acidic saliva. [Yellow Draconian
                  | growth]
 21855 | Lair:4   | Reached XP level 14. HP: 86/129 MP: 7/29
 21955 | Lair:4   | Noticed Urug
 21975 | Lair:4   | Killed Urug
 23138 | Lair:5   | Found a staircase to the Slime Pits.
 23326 | Lair:5   | Learned a level 5 spell: Freezing Cloud
 23353 | Lair:6   | Reached skill level 14 in Fighting
 24963 | Orc:1    | Entered Level 1 of the Orcish Mines
 24976 | Orc:1    | Received a gift from Sif Muna
 25016 | Orc:1    | Learned a level 7 spell: Ozocubu's Refrigeration
 25460 | Orc:1    | Paralysed by an orc sorcerer for 3 turns
 25679 | Orc:2    | Entered Level 2 of the Orcish Mines
 25875 | Orc:2    | Found Vouvaixa's Jewellery Shop.
 25911 | Orc:2    | Found a staircase to the Elven Halls.
 26160 | Orc:2    | Received a gift from Sif Muna
 26161 | Orc:2    | Got Sif Muna's Compendium of Poisoning and Companions {god
                  | gift}
 26163 | Orc:2    | Found Siaskemu's Book Shop.
 26166 | Orc:2    | Reached XP level 15. HP: 139/139 MP: 7/31
 26300 | Orc:2    | Found Yhuulon's Distillery.
 26312 | Orc:2    | Found a radiant altar of Vehumet.
 26312 | Orc:2    | Noticed Erolcha
 26313 | Orc:2    | Cast into level 1 of the Abyss (Erolcha)
 26336 | Abyss:1  | Found a corrupted altar of Lugonu.
 26472 | Abyss:1  | Noticed a tentacled starspawn
 26523 | Abyss:1  | Noticed a lich
 26538 | Orc:2    | Escaped the Abyss
 26540 | Orc:2    | Killed Erolcha
 26690 | Orc:2    | Noticed Nergalle
 26696 | Orc:2    | Killed Nergalle
 26789 | Orc:2    | Found an ancient bone altar of Kikubaaqudgha.
 26807 | Orc:2    | Found Afukk's Antique Armour Boutique.
 26815 | Orc:2    | Reached skill level 15 in Fighting
 26941 | Orc:2    | Found Leutivul's Antique Armour Shop.
 26944 | Orc:2    | Bought a pair of glowing gloves for 232 gold pieces
 27070 | Orc:2    | Bought a potion of lignification for 54 gold pieces
 27070 | Orc:2    | Bought a potion of curing for 54 gold pieces
 27070 | Orc:2    | Bought a potion of magic for 144 gold pieces
 27070 | Orc:2    | Bought a potion of lignification for 54 gold pieces
 27070 | Orc:2    | Bought 2 potions of flight for 108 gold pieces
 27070 | Orc:2    | Bought 2 potions of heal wounds for 180 gold pieces
 27070 | Orc:2    | Bought 2 potions of heal wounds for 180 gold pieces
 27826 | D:13     | Noticed Maurice
 27829 | D:13     | Killed Maurice
 28006 | D:13     | Noticed Rupert
 28018 | D:13     | Killed Rupert
 28627 | D:13     | Noticed Snorg
 28634 | D:13     | Killed Snorg
 28871 | D:13     | Noticed Nessos
 28874 | D:13     | Killed Nessos
 29785 | D:14     | Received a gift from Sif Muna
 29931 | D:14     | Found a gate to the Vaults.
 30266 | D:14     | Reached skill level 15 in Ice Magic
 30475 | D:14     | You fall into a shaft and drop 1 floor!
 30475 | D:15     | Entered Level 15 of the Dungeon
 30767 | D:15     | Found a staircase to the Depths.
 31390 | D:15     | Received a gift from Sif Muna
 31391 | D:15     | Got Sif Muna's Handbook of Fetching Shape Shifting {god
                  | gift}
 31818 | Elf:1    | Entered Level 1 of the Elven Halls
 31948 | Elf:1    | Reached skill level 16 in Fighting
 31952 | Elf:1    | Reached XP level 16. HP: 101/151 MP: 6/33
 32271 | Elf:1    | Noticed Louise
 32386 | Elf:1    | Reached skill level 1 in Invocations
 32625 | Elf:1    | Killed Louise
 34000 | Elf:2    | Paralysed by an air elemental for 1 turns
 34940 | Elf:2    | Received a gift from Sif Muna
 34943 | Elf:2    | Got Sif Muna's Catalogue of Creative Dislocation {god gift}
 35031 | Elf:2    | Found a runed translucent gate.
 35031 | Elf:2    | Found a runed translucent gate.
 35031 | Elf:2    | Found a runed translucent gate.
 35466 | Elf:3    | Entered Level 3 of the Elven Halls
 35754 | Elf:3    | Reached skill level 5 in Invocations
 36524 | Elf:3    | Paralysed by an air elemental for 1 turns
 36528 | Elf:3    | Paralysed by an air elemental for 1 turns
 36537 | Elf:3    | Reached skill level 17 in Fighting
 36786 | Elf:3    | Reached XP level 17. HP: 139/161 MP: 9/35
 36893 | Elf:3    | Noticed a deep elf blademaster
 36903 | Elf:3    | Killed a deep elf blademaster
 37007 | Elf:3    | Reached skill level 15 in Spellcasting
 37177 | Elf:3    | Noticed a deep elf master archer
 37184 | Elf:3    | Killed a deep elf master archer
 37310 | Elf:3    | Got the Compendium of Weightlessness and Poison
 37312 | Elf:3    | Got the Grimoire of Air
 37320 | Elf:3    | Got the Volume of a Thousand Places
 37327 | Elf:3    | Got the Grimoire of Flames
 37328 | Elf:3    | Identified the +0 scale mail "Ceosius" {rPois}
 37712 | Orc:2    | Bought a ring of see invisible for 240 gold pieces
 37899 | Spider:1 | Entered Level 1 of the Spider Nest
 37899 | Spider:1 | Noticed Aizul
 37912 | Lair:3   | Killed Aizul
 38112 | Spider:1 | Identified Roxanne's Disquisition on Earth
 38112 | Spider:1 | Noticed Roxanne
 39082 | Spider:2 | Identified the +4 plate armour "Waexukly" {Str+4}
 39336 | Spider:2 | Reached skill level 18 in Fighting
 39420 | Spider:2 | Received a gift from Sif Muna
 39460 | Spider:2 | Identified the +8 whip "Amyffod" {vorpal, rPois rN+ Dex+4}
 40471 | Spider:4 | Entered Level 4 of the Spider Nest
 40900 | Spider:4 | Received a gift from Sif Muna
 40901 | Spider:4 | Reached XP level 18. HP: 154/172 MP: 24/37
 40901 | Spider:4 | Got Rung's Tome of Fetching Attacks {god gift}
 41389 | Spider:4 | Reached skill level 10 in Invocations
 41525 | Spider:4 | Identified the amulet "Gepoanwu" {RegenMP Str+5 Int+5
                  | Dex-3}
 41558 | Spider:4 | Got a gossamer rune of Zot
 41765 | Shoals:1 | Entered Level 1 of the Shoals
 42111 | Shoals:1 | You fall into a shaft and drop 1 floor!
 42369 | Shoals:2 | Received a gift from Sif Muna
 42370 | Shoals:2 | Got Sif Muna's Tome of Sinister Summoning {god gift}
 43235 | Shoals:3 | Reached skill level 19 in Fighting
 43557 | Shoals:3 | Found Yhipi's Antique Weapon Emporium.
 43701 | Shoals:3 | Noticed Ilsuiw
 43706 | Shoals:3 | Killed Ilsuiw
 44103 | Shoals:3 | Received a gift from Sif Muna
 44110 | Shoals:3 | Got Ycveepri's Grimoire of Execration {god gift}
 44164 | Shoals:3 | Found a runed translucent door.
 44205 | Shoals:3 | Reached XP level 19. HP: 138/183 MP: 7/39
 44444 | Shoals:3 | Identified the +8 whip of Focus {speed, rC+}
 44460 | Shoals:4 | Entered Level 4 of the Shoals
 45000 | Shoals:4 | Identified the ring of Xom's Ringing Laughter {Fly Dex+2}
 45003 | Shoals:4 | Identified the +4 battleaxe "Aseinemo" {vorpal, rF++ Int-5
                  | SInv Stlth+}
 45381 | Shoals:4 | Reached skill level 20 in Fighting
 45432 | Shoals:4 | Got a barnacled rune of Zot
 45751 | Slime:1  | Entered Level 1 of the Pits of Slime
 45938 | Slime:1  | Found a viscous altar of Jiyva.
 46453 | Vaults:1 | Entered Level 1 of the Vaults
 46792 | Vaults:1 | Received a gift from Sif Muna
 46794 | Vaults:1 | Got Sif Muna's Guide on Ghastly Translocation {god gift}
 47733 | D:14     | Learned a level 9 spell: Polar Vortex
 47987 | Vaults:1 | Reached XP level 20. HP: 195/195 MP: 28/42
 48421 | Vaults:2 | Learned a level 2 spell: Blink
 49237 | Vaults:2 | Received a gift from Sif Muna
 49245 | Vaults:2 | Got Sif Muna's Reference Book on Harmful Poison {god gift}
 49738 | Vaults:2 | Reached skill level 21 in Fighting
 50226 | Vaults:3 | Demolished by a white very ugly thing

Illustrated notes

Levels and vault maps discovered:
D:1:      psy_arrival_dodecagon, layout_loops_ring, chequers_arboretum
D:2:      layout_basic, hellmonk_ecumenical_altar_lost_god, minmay_pentomino_v2
D:3:      layout_loops_corners, tgw_sif
D:4:      layout_rooms, serial_shops, nicolae_shop_trees, kennysheep_cross_room
D:5:      layout_rooms, marbit_many_paths, roderic_filled_cross
D:6:      layout_basic, minmay_temple_entry_grid, chequers_ossuary_entry_cave,
          serial_shops, nicolae_shop_behind_doors, kennysheep_decorative_pillar,
          kennysheep_generic_room_5
D:7:      layout_basic, nicolae_overflow_crystal_walls,
          kennysheep_okawaru_gauntlet, serial_shops, shop,
          gammafunk_ghost_wrathful_warriors, roderic_serpentine_path,
          uniq_duvessa, uniq_joseph
D:8:      layout_basic, due_lair_maze_entry_diamond,
          hangedman_abyss_or_decor_passed, hex_medium, hangedman_feature_mirror,
          grunt_livestock, minivault_4, minmay_shop_damaged, uniq_harold,
          uniq_prince_ribbit1
D:9:      layout_roguey
D:10:     layout_basic, kennysheep_orc_monster_closet_entryway, uniq_maggie
D:11:     layout_loops_ring, serial_shops, nicolae_shop_statue_plus,
          portal_ice_cave_demonic_guard, fedhas_altar_3
D:12:     layout_roguey, minmay_orc_keep, uniq_gastronok, uniq_josephine,
          uniq_azrael
D:13:     layout_stronghold, uniq_rupert, uniq_maurice, uniq_snorg, uniq_nessos
D:14:     layout_loops_ring, grunt_vaults_entry_tiered,
          hangedman_abyss_or_decor_stagger
D:15:     grunt_enter_depths_snipers, layout_cave_pools, minmay_misc_feat_tiny,
          library_closet
Lair:1:   layout_chaotic_city, grunt_megastairs_5, infiniplex_staircase_pool
Lair:2:   layout_cave_shapes, minmay_shoals_entry_centaurs, pond
Lair:3:   layout_roguey, nicolae_spider_entry_orb_guardian, grunt_megastairs_2
Lair:4:   layout_gridlike, beast_lair_carwin_4, grunt_megastairs_3,
          infiniplex_staircase_pool_2, uniq_urug
Lair:5:   layout_regular_city, dpeg_slime_entry_corner, serial_bayou_shore_a
Lair:6:   hangedman_lair_in_review, layout_small_grid,
          chequers_serial_rivers_large_b, chequers_serial_rivers_micro_c
Shoals:1: layout_shoals, nicolae_shoals_kraken_intersection
Shoals:2: layout_shoals
Shoals:3: nicolae_shoals_lighthouse, layout_shoals, serial_shops,
          nicolae_shop_trees, uniq_ilsuiw
Shoals:4: shoals_end_hellmonk_lost_city
Spider:1: spiders_nest_scorpion_pit, uniq_aizul, uniq_roxanne
Spider:2: layout_spider_delve, drop_trap
Spider:3: layout_spider_delve
Spider:4: grunt_spider_rune_parallel
Slime:1:  layout_caves, basic_altar
Slime:2:  layout_caves
Orc:1:    layout_caves
Orc:2:    kennysheep_orc_mage_school, layout_diamond_mine, serial_shops, shop
Elf:1:    layout_geoelf_octagon, hangedman_elf_represent, uniq_louise
Elf:2:    nicolae_elf_blades_splatter_lattice [nicolae_blade_entry_antechamber],
          layout_onion_city, grunt_ministairs_2
Elf:3:    minmay_elf_hall_x, layout_geoelf_castle
Vaults:1: vaults_room_semicircle, v_alt_pattern_6, v_misc_26,
          vaults_room_semicircle, v_misc_14, nicolae_vaults_yaktaur_gun_rack,
          vaults_dpeg_cross, v_misc_19, vaults_room_boxed, st_more_cells,
          nicolae_vaults_big_ls, layout_vaults_omnibox
Vaults:2: vaults_room_grunt_arrival_checkpoint, nicolae_vaults_little_squares_4,
          nicolae_vaults_triangles, v_misc_10, v_misc_3, grunt_vaults_swirl,
          nicolae_vaults_back_hallway, vaults_dpeg_ring,
          hangedman_vaults_corner, layout_vaults_maze
Vaults:3: dpeg_vaults_monster_box, vaults_room_corners, nicolae_vaults_asterisk,
          nicolae_vaults_alarming, v_alt_pattern_6, hangedman_vaults_river_flow,
          vaults_mumra_hexcomb, hangedman_vaults_corner_blocks,
          vaults_dpeg_doors, minmay_crypt_entry_necro_gods,
          layout_vaults_quadrants, serial_shops, shop

Skill      XL: |  1  2  3  4  5  6  7  8  9 10 11 12 13 14 15 16 17 18 19 20 |
---------------+-------------------------------------------------------------+-----
Fighting       | 1 2 3 4 5 6 7 9 10 12 13 14 16 17 18 19 20 21 | 21.1
Spellcasting   | 3 4 5 7 8 9 10 11 12 13 14 15 16 18 19 | 19.2
Ice Magic      | 5 6 7 8 9 10 12 13 14 15 16 17 18 19 | 19.9
Shields        | 1 2 3 5 6 8 9 10 12 13 14 | 14.5
Invocations    | 6 9 10 | 10.8
Dodging        | |  1.7
Stealth        | |  1.7

Action                   |  1- 3 |  4- 6 |  7- 9 | 10-12 | 13-15 | 16-18 | 19-21 || total
-------------------------+-------+-------+-------+-------+-------+-------+-------++-------
Melee: Short sword       |    67 |       |       |       |       |       |       ||    67
       Tailslap          |     6 |    10 |    30 |    59 |    63 |    22 |    10 ||   200
       Unarmed           |     1 |       |       |       |       |       |       ||     1
       Dagger            |    13 |    12 |       |       |       |       |       ||    25
       Hand axe          |       |   123 |   232 |   441 |   389 |   121 |       ||  1306
       Bite              |       |       |       |       |    21 |    13 |     4 ||    38
       Whip              |       |       |       |       |       |    42 |    53 ||    95
 Cast: Freeze            |    11 |     4 |     7 |    46 |    72 |    11 |       ||   151
       Frozen Ramparts   |     1 |     4 |    12 |    43 |    45 |    11 |     5 ||   121
       Ozocubu's Armour  |       |     2 |     5 |    34 |    31 |     8 |     6 ||    86
       Hailstorm         |       |       |     6 |    68 |    74 |    30 |     3 ||   181
       Ozocubu's Refrige |       |       |       |       |   109 |   385 |   245 ||   739
       Freezing Cloud    |       |       |       |       |     2 |       |     1 ||     3
       Polar Vortex      |       |       |       |       |       |       |     5 ||     5
Invok: Channel Magic     |       |       |       |     2 |     7 |    20 |    10 ||    39
 Abil: Breathe Acid      |       |       |     4 |    18 |    17 |    25 |    15 ||    79
Evoke: Wand              |       |     2 |     6 |    22 |    13 |    11 |       ||    54
  Use: Potion            |       |     2 |       |     7 |     4 |     1 |     2 ||    16
       Scroll            |       |       |     7 |    14 |    15 |     3 |     6 ||    45
 Stab: Sleeping          |     3 |     4 |     3 |     1 |     4 |       |       ||    15
       Distracted        |       |     1 |       |       |       |       |       ||     1
       Paralysed         |       |     5 |       |    15 |     9 |       |       ||    29
Armor: Skin              |    24 |    56 |    81 |   259 |   389 |   209 |    78 ||  1096
Dodge: Dodged            |    60 |   112 |   224 |   522 |   618 |   285 |    81 ||  1902
Block: Buckler           |       |       |    50 |   206 |   339 |   172 |    86 ||   853

Table legend: (Time is in decaauts)
 A = Elapsed time spent in this place.
 B = Non-inter-level travel time spent in this place.
 C = Inter-level travel time spent in this place.
 D = Time resting spent in this place.
 E = Time spent auto-exploring this place.
 F = Levels seen in this place.
 G = Mean time per level.
                   A        B        C        D        E       F      G
               +--------+--------+--------+--------+--------+-----+--------+
         Total |  51017 |  48394 |   2623 |   8905 |  31170 |  42 | 1214.7 |
       Dungeon |  20271 |  19125 |   1146 |   2288 |  14015 |  15 | 1351.4 |
          Lair |   8836 |   8294 |    542 |   2111 |   4793 |   6 | 1472.7 |
        Shoals |   4103 |   3960 |    143 |    721 |   2317 |   4 | 1025.8 |
   Spider Nest |   3743 |   3524 |    219 |    540 |   2320 |   4 |  935.8 |
    Slime Pits |    272 |    238 |     34 |     54 |    123 |   2 |  136.0 |
  Orcish Mines |   2674 |   2383 |    291 |    715 |   1226 |   2 | 1337.0 |
   Elven Halls |   5540 |   5416 |    124 |    971 |   3625 |   3 | 1846.7 |
        Vaults |   3600 |   3479 |    121 |    451 |   2462 |   3 | 1200.0 |
         Abyss |    229 |    229 |      0 |     26 |      0 |   1 |  229.0 |
       Ossuary |    340 |    340 |      0 |      0 |    218 |   1 |  340.0 |
      Ice Cave |   1405 |   1405 |      0 |   1028 |     70 |   1 | 1405.0 |
               +--------+--------+--------+--------+--------+-----+--------+

Top non-repeatable levels by time:
    D:12: 2279 daAuts
   Elf:3: 2063 daAuts
     D:8: 2013 daAuts
   Elf:1: 1978 daAuts
  Lair:3: 1970 daAuts
   Orc:2: 1937 daAuts
Vaults:2: 1829 daAuts
    D:10: 1806 daAuts
  Lair:2: 1713 daAuts
    D:14: 1700 daAuts
Vaults:1: 1653 daAuts
    D:13: 1623 daAuts
Shoals:3: 1576 daAuts
  Lair:6: 1547 daAuts
   Elf:2: 1498 daAuts
